 Dungeon Crawl Stone Soup version 0.29-a0-234-g0dae59b3db (webtiles) character file.

Game seed: 5399232242000144690

44962 inmateoo the Carver (level 13, -8/100 (103) HPs)
             Began as a Demonspawn Fighter on Mar 3, 2022.
             Was a High Priest of Okawaru.
             Mangled by an apocalypse crab (15 damage)
             ... on level 3 of the Abyss.
             The game lasted 00:19:26 (13766 turns).

inmateoo the Carver (Demonspawn Fighter)           Turns: 13766, Time: 00:19:26

HP:   -8/100 (103)  AC: 30    Str: 28      XL:     13   Next: 99%
MP:   18/18         EV: 11    Int:  6 (11) God:    Okawaru [*****.]
Gold: 1574          SH: 13    Dex: 15      Spells: 12/12 levels left

rFire   . . .      SeeInvis .   T - +3 scimitar (flame)
rCold   . . .      Faith    .   O - +2 kite shield of the Lizard {rPois Str+3 Int-2 Stlth+}
rNeg    . . .      Spirit   .   c - +8 orange crystal plate armour {Archmagi, Int+3 Clar}
rPois   +          Reflect  .   t - +0 helmet
rElec   .          Harm     .   F - +0 cloak
rCorr   .          Rampage  .   (no gloves)
Will    .....      Archmagi +   (boots unavailable)
Stlth   .......... Clarity  +   x - amulet of regeneration
HPRegen 1.06/turn               a - +4 ring of protection
MPRegen 0.16/turn               b - +6 ring of strength

@: agile, lightly drained, invisible
A: hooves 3, slimy green scales 2, foul stench 1, spiny 3, low MP 1, [deformed
body], [screaming 2], [subdued magic 2]
a: Renounce Religion, Heroism, Finesse, Duel


You were on level 3 of the Abyss.
You worshipped Okawaru.
Okawaru was extremely pleased with you.
You visited 2 branches of the dungeon, and saw 15 of its levels.
You visited the Abyss 1 time.
You also visited: Bailey.

You collected 1574 gold pieces.

Inventory:

Hand Weapons
 w - the +9 spear of the Telling Traitor {vorpal, *Slow Str+3 Stlth+}
   (You took it off a hobgoblin on level 4 of the Dungeon)

   It inflicts extra damage upon your enemies.
   Str:       It affects your strength (+3).
   *Slow:     It may slow you when you take damage.
   Stlth:     It makes you more stealthy.
 T - a +3 scimitar of flaming (weapon)
Missiles
 s - 2 curare-tipped darts (quivered)
 v - 4 throwing nets
Armour
 c - the +8 orange crystal plate armour (worn) {Archmagi, Int+3 Clar}
   (Okawaru gifted it to you on level 14 of the Dungeon)

   Int:       It affects your intelligence (+3).
   Clar:      It protects you against confusion.
 t - a +0 helmet (worn)
 F - a +0 cloak (worn)
 O - the +2 kite shield of the Lizard (worn) {rPois Str+3 Int-2 Stlth+}
   (Okawaru gifted it to you on level 8 of the Dungeon)

   Str:       It affects your strength (+3).
   Int:       It affects your intelligence (-2).
   rPois:     It protects you from poison.
   Stlth:     It makes you more stealthy.
Jewellery
 a - a +4 ring of protection (left hand)
 b - a +6 ring of strength (right hand)
 x - an amulet of regeneration (around neck)
Wands
 r - a wand of polymorph (4)
 A - a wand of paralysis (17)
 C - a wand of flame (16)
 D - a wand of iceblast (11)
Scrolls
 e - 2 scrolls of magic mapping
 f - 2 scrolls of blinking
 g - 5 scrolls of amnesia
 m - 7 scrolls of fog
 n - a scroll of vulnerability {unknown}
 p - 5 scrolls of noise {unknown}
 u - a scroll of fear {unknown}
 y - a scroll of immolation {unknown}
 E - a scroll of enchant armour {unknown}
 I - a scroll of silence {unknown}
 J - a scroll of enchant weapon {unknown}
 L - a scroll of brand weapon {unknown}
 M - 3 scrolls of summoning {unknown}
 Q - 2 scrolls of torment {unknown}
Potions
 d - 3 potions of might
 h - a potion of experience
 i - 4 potions of lignification
 j - 5 potions of curing
 l - a potion of ambrosia
 o - 7 potions of mutation
 K - 3 potions of haste
 R - 2 potions of attraction
Miscellaneous
 H - a piece from Xom's chessboard (6/15)


   Skills:
 + Level 9.8 Fighting
 * Level 12.3 Long Blades
 - Level 5.0 Polearms
 + Level 9.0 Armour
 + Level 4.6 Dodging
 + Level 8.9 Shields
 - Level 10.5 Invocations


You had 12 spell levels left.
You didn't know any spells.
Your spell library contained the following spells:

 Spells                   Type           Power      Damage    Failure   Level
 Scorch                   Fire           0%         2d5       100%        2
 Static Discharge         Conj/Air       0%         N/A       100%        2
 Frozen Ramparts          Ice            0%         1d2       100%        3
 Gell's Gravitas          Tloc           0%         N/A       100%        3
 Lesser Beckoning         Tloc           0%         N/A       100%        3
 Teleport Other           Tloc           0%         N/A       100%        3
 Flame Wave               Conj/Fire      0%         2d4       100%        4
 Ice Form                 Ice/Tmut       0%         N/A       100%        4
 Lightning Bolt           Conj/Air       0%         1d11      100%        5
 Maxwell's Capacitive Co  Air            0%         ∞         100%        8
 Summon Ice Beast         Ice/Summ       Unusable   N/A       N/A         4
 Summon Cactus Giant      Summ           Unusable   N/A       N/A         6

Dungeon Overview and Level Annotations

Branches:
Dungeon (14/15)            Temple (1/1) D:5            Lair (0/6) D:10
    Orc (0/2) D:9          Bailey (visited)
 Vaults: D:13-14

Altars:
Ashenzari
Cheibriados
Dithmenos
Fedhas
Gozag
Hepliaklqana
Nemelex Xobeh
Okawaru
Qazlal
Sif Muna
Uskayaw
Vehumet
Xom
The Shining One

Shops:
D:8 :   D:11 *

Annotations:
D:3 exclusion: statue
D:13 Frances
D:14 3 runed translucent doors, Louise


Innate Abilities, Weirdness & Mutations

You have hooves in place of feet.
You are mostly covered in slimy green scales. (AC +3)
You may rarely emit foul miasma when damaged in melee.
You are completely covered in sharp spines.
Your magical capacity is low. (-10% MP)
[Armour fits poorly on your strangely shaped body.]
[You frequently scream uncontrollably at your foes.]
[Your spells are easier to cast, but less powerful.]


Message History

Unknown command.
You feel sick.
The apocalypse crab breathes chaos at you.
The blast of chaos engulfs you but does no damage.
You slice the apocalypse crab!! You burn the apocalypse crab.
Your kick misses the apocalypse crab.
The apocalypse crab is heavily wounded.
You feel sick.
You are no longer poisoned.
The apocalypse crab is engulfed in seething chaos.
The apocalypse crab shakes off its lethargy.
The apocalypse crab goes berserk!
You block the apocalypse crab's attack.
The apocalypse crab claws you but does no damage.
Unknown command.
You slash the apocalypse crab!
You kick the apocalypse crab, but do no damage.
The apocalypse crab is heavily wounded.
The apocalypse crab is engulfed in seething chaos.
The apocalypse crab suddenly seems more agile.
The apocalypse crab is struck by your spines.
The apocalypse crab barely misses you. The apocalypse crab closely misses you.
You hit the apocalypse crab but do no damage.
Your kick misses the apocalypse crab.
The apocalypse crab is severely wounded.
The apocalypse crab is engulfed in seething chaos.
The apocalypse crab bites you!
You are engulfed in flames!
* * * LOW HITPOINT WARNING * * *
The apocalypse crab barely misses you.
Unknown command.
You slash the apocalypse crab!
You kick the apocalypse crab, but do no damage.
The apocalypse crab is almost dead.
The apocalypse crab bites you.
* * * LOW HITPOINT WARNING * * *
You are engulfed in flames!
* * * LOW HITPOINT WARNING * * *
The apocalypse crab claws you!
* * * LOW HITPOINT WARNING * * *
The apocalypse crab freezes you!
You die...

#..# .#..#.# .#
#.##. . . # ..##
# ##### # . #
..#.##.##...# # #
. ....# # ...#.
## #.#
...#####.########
......t@.........
.#.###.#####..#..
#. # .. ... ...#
.... .....


You could see an apocalypse crab (berserk, agile).

Vanquished Creatures
  An orc warlord (Bailey)
  A boulder beetle (D:14)
  A great orb of eyes (shapeshifter) (Abyss:3)
  Harold (D:8)
  A hydra (D:12)
  3 two-headed ogres
  2 thrashing horrors (Abyss:3)
  A wretched star (Abyss:3)
  3 skeletal warriors (D:13)
  The ghost of p0werm0de the Covert, a novice OpBr of Gozag (D:6)
  A wolf spider zombie (D:14)
  A necromancer (D:14)
  3 orc knights (Bailey)
  3 deep elf pyromancers
  2 cyclopes
  Maurice (D:8)
  A manticore (D:12)
  4 ugly things (D:14)
  A guardian serpent (Abyss:3)
  A torpor snail (D:12)
  3 gargoyles
  An unseen horror (D:11)
  2 efreet
  A kobold demonologist (D:12)
  4 trolls
  3 meliai (D:14)
  4 hornets
  5 small abominations (Abyss:3)
  4 large abominations (Abyss:3)
  A harpy skeleton (D:14)
  A blink frog (Abyss:3)
  5 slime creatures (D:12)
  A culicivora (shapeshifter) (D:14)
  A starcursed mass (Abyss:3)
  A ynoxinul (Abyss:3)
  A shadow (D:9)
  8 yaks (D:10)
  3 vampires
  A water elemental (D:12)
  3 steam dragons
  6 vampire mosquitoes
  A chaos spawn (Abyss:3)
  3 acid dragons
  3 water moccasins
  3 ice beasts
  3 black bears
  11 orc warriors
  4 sky beasts
  5 ogres
  6 centaurs
  4 phantoms
  3 kobold brigands
  5 bullfrogs
  A necrophage (D:6)
  4 scorpions
  2 water moccasin zombies (D:5)
  13 wights
  2 howler monkeys
  3 jellies
  An electric eel (D:12)
  2 centaur zombies (D:5)
  2 bullfrog zombies (D:5)
  6 hounds
  A gnoll shaman (D:6)
  2 centaur skeletons
  An iron imp (Abyss:3)
  3 bullfrog skeletons (D:5)
  2 scorpion zombies (D:5)
  3 iguanas
  Natasha (thrice) (D:3)
  8 orc wizards
  A howler monkey zombie (D:5)
  8 gnolls
  7 adders
  3 white imps
  2 ufetubi
  A worm (D:2)
  2 dart slugs (D:3)
  45 orcs
  2 bats
  3 endoplasms
  5 giant cockroaches
  19 hobgoblins
  4 jackals (D:1)
  24 kobolds
  10 quokkas
  4 ball pythons
  3 frilled lizards
  16 goblins
361 creatures vanquished.

Vanquished Creatures (others)
  A large abomination (Abyss:3)
  A small abomination (Abyss:3)
  An orc (D:7)
  7 plants (D:4)
10 creatures vanquished.

Grand Total: 371 creatures vanquished

Notes
Turn   | Place    | Note
-------+----------+-------------------------------------------
     0 | D:1      | inmateoo the Demonspawn Fighter began the quest for the
                  | Orb.
     0 | D:1      | Reached XP level 1. HP: 18/18 MP: 1/1
   107 | D:1      | Reached skill level 2 in Long Blades
   126 | D:1      | Gained mutation: You may rarely emit foul miasma when
                  | damaged in melee. [demonic ancestry]
   126 | D:1      | Reached XP level 2. HP: 23/24 MP: 2/2
  1176 | D:2      | Gained mutation: You are partially covered in sharp spines.
                  | [demonic ancestry]
  1176 | D:2      | Reached XP level 3. HP: 23/29 MP: 3/3
  1649 | D:2      | Noticed a phantom
  1661 | D:2      | Killed a phantom
  1662 | D:2      | Reached skill level 3 in Long Blades
  1662 | D:2      | Gained mutation: You have large cloven feet. [demonic
                  | ancestry]
  1662 | D:2      | Reached XP level 4. HP: 15/36 MP: 4/4
  2221 | D:3      | Noticed Natasha
  2230 | D:3      | Killed Natasha
  2231 | D:3      | Gained mutation: You are partially covered in slimy green
                  | scales. (AC +2) [demonic ancestry]
  2231 | D:3      | Reached XP level 5. HP: 41/42 MP: 5/5
  2302 | D:3      | Found a radiant altar of Vehumet.
  2302 | D:3      | Noticed a charred statue
  2723 | D:3      | Noticed Natasha
  2728 | D:3      | Killed Natasha
  2874 | D:3      | Noticed Natasha
  2883 | D:3      | Killed Natasha
  3226 | D:4      | Found a shimmering blue altar of Sif Muna.
  3234 | D:4      | Noticed an ogre
  3241 | D:4      | Killed an ogre
  3242 | D:4      | Reached skill level 4 in Long Blades
  3242 | D:4      | Gained mutation: You are mostly covered in slimy green
                  | scales. (AC +3) [demonic ancestry]
  3242 | D:4      | Reached XP level 6. HP: 41/48 MP: 6/6
  3544 | D:4      | Identified the +9 spear of the Telling Traitor {vorpal,
                  | *Slow Str+3 Stlth+}
  3889 | D:5      | Entered Level 5 of the Dungeon
  3907 | D:5      | Reached XP level 7. HP: 49/55 MP: 7/7
  3972 | D:5      | Reached skill level 5 in Long Blades
  3977 | D:5      | Found a staircase to the Ecumenical Temple.
  3992 | Temple   | Entered the Ecumenical Temple
  4071 | Temple   | Became a worshipper of Warmaster Okawaru
  4125 | D:5      | Reached skill level 1 in Polearms
  4125 | D:5      | Reached skill level 1 in Invocations
  4131 | D:5      | Identified the +0 chain mail "Poshraqia" {+Blink rPois rC-
                  | Regen+ Dex+3}
  4159 | D:5      | Gained mutation: You are mostly covered in sharp spines.
                  | [demonic ancestry]
  4159 | D:5      | Reached XP level 8. HP: 39/61 MP: 9/9
  4171 | D:5      | Reached * piety under Okawaru
  4172 | D:5      | Reached skill level 5 in Fighting
  4433 | D:5      | Found a broken altar of Ashenzari.
  4503 | D:6      | Reached skill level 6 in Long Blades
  4513 | D:6      | Reached skill level 5 in Armour
  4525 | D:6      | Found a large runed translucent door.
  4526 | D:6      | Found a large runed translucent door.
  4527 | D:6      | Noticed p0werm0de's ghost (novice OpBr)
  4603 | D:6      | Reached ** piety under Okawaru
  4616 | D:6      | Reached skill level 5 in Shields
  4640 | D:6      | Gained mutation: You have hoof-like feet. [demonic
                  | ancestry]
  4640 | D:6      | Reached XP level 9. HP: 39/68 MP: 11/11
  4945 | D:6      | Noticed a cyclops
  4957 | D:6      | Killed a cyclops
  4969 | D:6      | Reached *** piety under Okawaru
  4975 | D:6      | Found an opulent altar of Gozag.
  4984 | D:6      | Identified the +1 leather armour of the Sky {Harm}
  5093 | D:6      | Reached skill level 7 in Long Blades
  5168 | D:6      | Found a shadowy altar of Dithmenos.
  5810 | D:6      | Killed p0werm0de's ghost
  5811 | D:6      | Reached skill level 5 in Polearms
  6074 | D:7      | Reached skill level 5 in Invocations
  6280 | D:7      | Gained mutation: You have hooves in place of feet. [demonic
                  | ancestry]
  6280 | D:7      | Reached XP level 10. HP: 76/77 MP: 13/13
  6299 | D:7      | Reached **** piety under Okawaru
  6959 | D:7      | Reached skill level 8 in Long Blades
  7145 | D:7      | Received a gift from Okawaru
  7577 | D:8      | Found Beblot's Book Emporium.
  7684 | D:8      | Noticed Maurice
  7709 | D:8      | Killed Maurice
  7732 | D:8      | You fall into a shaft and drop 3 floors!
  7769 | D:11     | Reached ***** piety under Okawaru
  7941 | D:10     | Entered Level 10 of the Dungeon
  7981 | D:10     | Noticed a two-headed ogre
  7992 | D:10     | Killed a two-headed ogre
  7992 | D:10     | Identified the +1 robe "Efukufaps" {Fly rF+ Regen+ Dex+3}
                  | (Okawaru gifted it to you on level 10 of the Dungeon)
  7992 | D:10     | Received a gift from Okawaru
  7993 | D:10     | Reached skill level 9 in Long Blades
  8000 | D:10     | Gained mutation: You are completely covered in sharp
                  | spines. [demonic ancestry]
  8000 | D:10     | Reached XP level 11. HP: 72/84 MP: 16/16
  8017 | D:10     | Noticed a deep elf pyromancer
  8287 | D:10     | Killed a deep elf pyromancer
  8314 | D:10     | Found a shimmering altar of Xom.
  8593 | D:9      | Found a flagged portal.
  8607 | Bailey   | Entered a bailey
  8668 | Bailey   | Noticed an orc knight
  8688 | Bailey   | Killed an orc knight
  8728 | Bailey   | Noticed an orc knight
  8749 | Bailey   | Killed an orc knight
  8817 | Bailey   | Noticed an orc knight
  8833 | Bailey   | Killed an orc knight
  8902 | Bailey   | Noticed an orc warlord
  8949 | Bailey   | Killed an orc warlord
  9156 | D:9      | Reached skill level 10 in Long Blades
  9594 | D:8      | Noticed Harold
  9604 | D:8      | Killed Harold
  9604 | D:8      | Identified the +2 kite shield of the Lizard {rPois Str+3
                  | Int-2 Stlth+} (Okawaru gifted it to you on level 8 of the
                  | Dungeon)
  9604 | D:8      | Received a gift from Okawaru
 10212 | D:9      | Found a staircase to the Orcish Mines.
 10319 | D:9      | Found a blossoming altar of Fedhas.
 10358 | D:9      | Found a snail-covered altar of Cheibriados.
 10381 | D:9      | Found a hazy altar of Hepliaklqana.
 10384 | D:9      | Found a sparkling altar of Nemelex Xobeh.
 10505 | D:10     | Reached skill level 1 in Dodging
 10697 | D:10     | Found a staircase to the Lair.
 10881 | D:11     | Noticed a two-headed ogre
 10889 | D:11     | Killed a two-headed ogre
 10890 | D:11     | Reached XP level 12. HP: 65/94 MP: 18/18
 10953 | D:11     | Found Izubumee's Changing Room.
 11069 | D:11     | Found an opulent altar of Gozag.
 11541 | D:12     | Noticed a two-headed ogre
 11548 | D:12     | Killed a two-headed ogre
 11549 | D:12     | Reached skill level 11 in Long Blades
 11623 | D:12     | Noticed a five-headed hydra
 11627 | D:12     | Killed a five-headed hydra
 11627 | D:12     | Received a gift from Okawaru
 12469 | D:13     | Noticed Frances
 12671 | D:14     | Reached skill level 10 in Invocations
 12671 | D:14     | Reached XP level 13. HP: 31/101 MP: 20/20
 12674 | D:14     | Reached skill level 12 in Long Blades
 12810 | D:14     | Received a gift from Okawaru
 12810 | D:14     | Found the +8 orange crystal plate armour {Archmagi, Int+3
                  | Clar}
 12963 | D:14     | Found a runed translucent gate.
 12963 | D:14     | Found a runed translucent gate.
 12966 | D:14     | Found a runed translucent gate.
 13182 | D:14     | Noticed Louise
 13189 | D:14     | Cast into level 3 of the Abyss (Louise)
 13357 | Abyss:3  | Noticed a tentacled starspawn
 13360 | Abyss:3  | Noticed a broodmother
 13360 | Abyss:3  | a great orb of eyes changed into a broodmother
 13464 | Abyss:3  | Gained mutation: Your magical capacity is low. (-10% MP) [a
                  | neqoxec]
 13568 | Abyss:3  | Noticed an ophan
 13618 | Abyss:3  | Noticed a starcursed mass
 13766 | Abyss:3  | Mangled by an apocalypse crab

Illustrated notes

Levels and vault maps discovered:
D:1:      minmay_arrival_open_corners, layout_basic
D:2:      layout_loops_corners, chequers_serial_rivers_large_a
D:3:      layout_basic, vehumet_statue, uniq_natasha
D:4:      layout_basic, mainiacjoe_overflow_cross_hatched, serial_bayou_lagoon_b
D:5:      layout_rooms, cheibrodos_ashenzari_chains,
          minmay_temple_entry_crystal_x, serial_undead, serial_undead_b,
          serial_undead_b, serial_undead_e, serial_undead_a, serial_undead_a,
          serial_undead_b
D:6:      layout_basic, mainiacjoe_overflow_24_doors,
          ebering_ghost_disaster_area, minmay_ruined_shrine
D:7:      minmay_polygon_palace, layout_basic, serial_glass, glass_columns_a,
          glass_columns_c, glass_columns_c, glass_columns_c, glass_columns_a,
          glass_columns_a, hangedman_decor_lopped, hex_large,
          corexii_leaking_fountain, palyth_stone_intersect
D:8:      layout_basic, serial_shops, nicolae_shop_trees, uniq_maurice,
          uniq_harold
D:9:      layout_cave_pools, lemuel_tele_altar,
          minmay_overflow_temple_star_quad, enter_bailey_3,
          minmay_misc_feat_hallway, roderic_lattice_a, grunt_ministairs_13
D:10:     layout_loops_cross, xom_butterflies, lair_entry_dummy
D:11:     layout_irregular_city, nicolae_transmutations_shop,
          grunt_gozag_statues
D:12:     cheibrodos_orc_bank, layout_irregular_city, kennysheep_dice
D:13:     layout_basic, erik_vaults_2, serial_curves, eino_curves_01,
          eino_curves_04, uniq_frances, uniq_snorg
D:14:     layout_loops_cross, kennysheep_boxes, gammafunk_ghost_spectres,
          uniq_louise
Temple:   nicolae_temple_figure_eight
Abyss:3:  base: D:1, grunt_abyss_rune_forest_and_sorcery,
          hangedman_abyss_or_decor_stagger,
          evilmike_nicolae_abyss_rune_betentacled_crabyss,
          evilmike_abyss_rune_siren_acolytes, evilmike_abyss_exit_12

Skill      XL: |  1  2  3  4  5  6  7  8  9 10 11 12 13 |
---------------+----------------------------------------+-----
Long Blades    | 2 3 4 5 6 7 9 10 11 12 | 12.3
Armour         | 3 4 5 6 7 8 9 |  9.0
Shields        | 3 4 5 6 7 8 |  8.9
Fighting       | 4 5 6 7 8 9 |  9.8
Polearms       | 1 3 5 |  5.0
Invocations    | 1 3 5 7 8 10 | 10.5
Dodging        | 1 4 |  4.6

Action                   |  1- 3 |  4- 6 |  7- 9 | 10-12 | 13-15 || total
-------------------------+-------+-------+-------+-------+-------++-------
Melee: Long sword        |    60 |       |       |       |       ||    60
       Flail             |    32 |    59 |       |       |       ||    91
       Kick              |       |    18 |    53 |   163 |    82 ||   316
       Short sword       |       |    19 |       |       |       ||    19
       Spear             |       |    10 |   181 |   583 |    88 ||   862
       Scimitar          |       |       |       |       |   113 ||   113
Throw: Dart              |       |     2 |       |       |       ||     2
Invok: Heroism           |       |       |       |     2 |       ||     2
       Finesse           |       |       |       |     1 |       ||     1
Evoke: Piece from Xom's  |       |       |       |     1 |     9 ||    10
       Wand              |       |       |       |     3 |     3 ||     6
  Use: Scroll            |       |       |     4 |     9 |     6 ||    19
       Potion            |       |       |       |     4 |     2 ||     6
 Stab: Invisible         |       |       |       |     5 |       ||     5
Armor: Scale mail        |    26 |       |       |       |       ||    26
       Plate armour      |    24 |    55 |    77 |   218 |     9 ||   383
       Crystal plate arm |       |       |       |       |   104 ||   104
Dodge: Dodged            |    32 |    14 |    37 |    77 |    44 ||   204
Block: Buckler           |    12 |    15 |    31 |    47 |       ||   105
       Tower shield      |       |       |       |    26 |       ||    26
       Kite shield       |       |       |       |   131 |    89 ||   220

Table legend: (Time is in decaauts)
 A = Elapsed time spent in this place.
 B = Non-inter-level travel time spent in this place.
 C = Inter-level travel time spent in this place.
 D = Time resting spent in this place.
 E = Time spent auto-exploring this place.
 F = Levels seen in this place.
 G = Mean time per level.
                   A        B        C        D        E       F      G
               +--------+--------+--------+--------+--------+-----+--------+
         Total |  13777 |  13239 |    538 |   2468 |   7678 |  17 |  810.4 |
       Dungeon |  12663 |  12141 |    522 |   2165 |   7528 |  14 |  904.5 |
        Temple |     96 |     80 |     16 |      0 |     64 |   1 |   96.0 |
         Abyss |    555 |    555 |      0 |    198 |     11 |   1 |  555.0 |
        Bailey |    461 |    461 |      0 |    104 |     75 |   1 |  461.0 |
               +--------+--------+--------+--------+--------+-----+--------+

Top non-repeatable levels by time:
     D:7: 1577 daAuts
     D:6: 1504 daAuts
     D:1: 1168 daAuts
     D:2: 1090 daAuts
     D:4: 1006 daAuts
    D:11: 947 daAuts
    D:12: 911 daAuts
     D:9: 780 daAuts
     D:8: 776 daAuts
     D:3: 708 daAuts
    D:10: 705 daAuts
    D:14: 701 daAuts
 Abyss:3: 555 daAuts
     D:5: 523 daAuts
  Bailey: 461 daAuts
